AoeStats
← arthur

Four Lakes

503127839Analyzed
4v4 RM · 1mo ago on Aug 30, 2026· 31m 12s· 8 players
Game mode
Random Map
Map size
Large (8 player)
Population
200
Speed
Normal
Resources
Standard
Victory
Conquest
Starting age
Dark Age
Ending age
Imperial Age
RankedLock teamsTeams togetherTeam positionsShared explorationLock speedFull tech treeHidden civsTurbo modeCheats
Victory
Defeat
🇩🇪 Italians · Germany
1328
+17
🇫🇮 Portuguese · Finland
1322
+17
🇸🇪 Japanese · Sweden
1314
+17
🇫🇷 Goths · France
1297
+18
🇹🇼 Hindustanis · Taiwan
1389
-19
🇹🇼 Dravidians · Taiwan
1379
-19
🇨🇳 Cumans · China
1318
-16
🇨🇭 Japanese · Switzerland
1295
-15
SirBro
9:26 Loom
11:11 Feudal Age
16:49 Castle Age
15:55 Scale Barding Armor
16:01 Forging
16:42 Gold Mining
18:03 Bloodlines
18:48 Chain Barding Armor
19:39 Double-Bit Axe
24:58 Iron Casting
28:24 Husbandry
xGusZx24
3:16 Loom
10:08 Feudal Age
12:22 Town Watch
12:08 Man-at-Arms
13:42 Arson
14:28 Double-Bit Axe
15:34 Forging
21:21 Castle Age
20:10 Horse Collar
20:23 Gold Mining
21:02 Fishing Lines
23:01 Bow Saw
23:07 Gillnets
27:38 Imperial Age
25:15 Padded Archer Armor
25:44 Heavy Plow
25:57 Husbandry
27:44 Wheelbarrow
27:48 Gold Shaft Mining
28:20 Wheelbarrow
27:53 Fletching
28:55 Bodkin Arrow
30:07 Ballistics
30:47 Chemistry
29:44 Stone Mining
29:59 Bracer
30:42 Scale Barding Armor
31:42 Chemistry
30:59 Bloodlines
schlauchnase
6:35 Loom
9:40 Feudal Age
10:19 Double-Bit Axe
11:07 Town Watch
12:17 Horse Collar
20:12 Castle Age
18:30 Scale Barding Armor
18:49 Gold Mining
19:40 Bloodlines
20:12 Forging
20:15 Light Cavalry
21:16 Chain Barding Armor
22:03 Iron Casting
25:20 Fishing Lines
26:45 Husbandry
29:42 Wheelbarrow
arthur
0:32 Loom
11:57 Feudal Age
12:00 Man-at-Arms
12:38 Double-Bit Axe
13:53 Horse Collar
20:40 Wheelbarrow
23:28 Castle Age
22:00 Gold Mining
22:23 Fletching
23:12 Padded Archer Armor
24:09 Bodkin Arrow
23:55 Crossbowman
24:57 Bow Saw
25:31 Heavy Plow
26:54 Leather Archer Armor
31:20 Stone Mining
Tenohmox
3:50 Loom
13:02 Feudal Age
15:04 Fishing Lines
16:47 Fletching
20:13 Castle Age
19:25 Double-Bit Axe
21:34 Bow Saw
24:02 Bodkin Arrow
27:27 Medium Warships
27:24 Pikeman
27:59 Town Watch
29:29 Masonry
30:08 Wheelbarrow
30:30 Guard Tower
Siv
0:48 Loom
10:24 Feudal Age
11:59 Double-Bit Axe
21:15 Horse Collar
22:20 Fishing Lines
26:19 Castle Age
28:04 Pikeman
31:42 Wheelbarrow
31:19 Forging
31:09 Scale Mail Armor
顶呱呱
8:18 Feudal Age
8:51 Double-Bit Axe
9:59 Horse Collar
14:06 Loom
16:59 Wheelbarrow
20:34 Castle Age
19:50 Scale Mail Armor
25:00 Pikeman
27:39 Hand Cart
27:59 Town Watch
29:02 Forging
29:12 Gold Mining
29:33 Stone Mining
土鸡下鸡蛋
10:33 Feudal Age
11:23 Loom
17:39 Castle Age
16:45 Double-Bit Axe
16:52 Gold Mining
17:50 Horse Collar
21:03 Bow Saw
31:19 Fishing Lines
Connection lost

Rejoining the realm…

Still unreachable

The connection could not be restored.

Session expired

The server has moved on; the page needs a fresh start.